 Dungeon Crawl Stone Soup version 0.31.0-4-g52a2dc7128 (webtiles) character file.

Game seed: 11988285877801025633

126 Persephone the Shooter (level 4, -2/40 HPs)
             Began as a Minotaur Hunter on Jan 21, 2024.
             Killed by nerve-wracking pain
             ... invoked by Grinder
              (12 damage)
             ... while paralysed by Grinder
             ... on level 3 of the Dungeon.
             The game lasted 00:02:38 (2175 turns).

Persephone the Shooter (Minotaur Hunter)            Turns: 2175, Time: 00:02:38

Health: -2/40      AC:  4    Str: 16    XL:     4   Next: 83%
Magic:  3/3        EV:  2    Int:  6    God:
Gold:   173        SH:  0    Dex: 15    Spells: 3/3 levels left

rFire   . . .        a - +0 shortbow
rCold   . . .        (shield currently unavailable)
rNeg    . . .        c - +0 leather armour
rPois   .            l - +1 hat
rElec   .            (no cloak)
rCorr   .            (no gloves)
SInv    .            (no boots)
Will    .....        (no amulet)
Stlth   ++           (no ring)
HPRegen 0.26/turn    (no ring)
MPRegen 0.08/turn

%: no passive effects
@: paralysed
A: horns 2, retaliatory headbutt
a: no special abilities


You were on level 3 of the Dungeon.
You visited 1 branch of the dungeon, and saw 3 of its levels.

You collected 173 gold pieces.

Inventory:

Hand Weapons
 a - a +0 shortbow (weapon)
Armour
 c - a +0 leather armour (worn)
 l - a +1 hat (worn)
Jewellery
 g - a ring of magical power
 o - a ring of willpower
Scrolls
 b - a scroll of butterflies
 e - 4 scrolls of identify {unknown}
 f - 3 scrolls of noise {unknown}
 i - a scroll of revelation {unknown}
 j - a scroll of torment {unknown}
 n - a scroll of teleportation {unknown}
 s - a scroll of enchant weapon {unknown}
Potions
 d - a potion of might {unknown}
 h - 2 potions of degeneration {unknown}
 k - 3 potions of brilliance {unknown}
 m - a potion of curing {unknown}
 p - a potion of resistance {unknown}
 q - a potion of cancellation {unknown}
 r - a potion of magic {unknown}
 t - 2 potions of mutation {unknown}
 u - a potion of berserk rage {unknown}
 v - a potion of ambrosia {unknown}


   Skills:
 + Level 3.6 Fighting
 + Level 5.1 Ranged Weapons
 + Level 3.4 Dodging
 + Level 2.1 Stealth


You had 3 spell levels left.
You didn't know any spells.
Your spell library was empty.

Dungeon Overview and Level Annotations

Branches:
Dungeon (3/15)

Altars:
Zin

Shops:
D:2 =

Annotations:
D:3 Grinder


Innate Abilities, Weirdness & Mutations

You have a pair of horns on your head.
You reflexively headbutt those who attack you in melee.


Message History

You shoot an arrow. The arrow closely misses Grinder.
Grinder gestures at you.
You suddenly lose the ability to move!
Grinder gestures at you. You resist with significant effort.
You can move again.
Fire: a) +0 shortbow
Press: ? - help, Shift-Dir - straight line, f/p - Grinder
Aim: Grinder (severely wounded, 58% to hit)
You shoot an arrow.
The arrow hits Grinder but does no damage.
Grinder is severely wounded.
Grinder hits you.
You writhe in agony.
Fire: a) +0 shortbow
Press: ? - help, Shift-Dir - straight line, f/p - Grinder
Aim: Grinder (severely wounded, 58% to hit)
You shoot an arrow.
The arrow hits Grinder but does no damage.
Grinder is severely wounded.
Grinder gestures at you. Pain shoots through your body!
Fire: a) +0 shortbow
Press: ? - help, Shift-Dir - straight line, f/p - Grinder
Aim: Grinder (severely wounded, 58% to hit)
You shoot an arrow. The arrow hits Grinder.
Grinder is severely wounded.
Grinder hits you but does no damage. x2
Fire: a) +0 shortbow
Press: ? - help, Shift-Dir - straight line, f/p - Grinder
Aim: Grinder (severely wounded, 58% to hit)
You shoot an arrow. The arrow hits Grinder.
Grinder is almost dead.
Grinder gestures at you.
You suddenly lose the ability to move!
Grinder hits you.
You writhe in agony.
* * * LOW HITPOINT WARNING * * *
Grinder gestures at you. Pain shoots through your body!
You die...
Grinder says, "Hey, I wasn't done torturing you yet!"

.....####.....
..........####
.#
.............#
.#
#...####.###.#
.# ###.#
#.###.## .#
#.# #.##...##
.# #.#
#.#.....##.#
#.#
#........#.#
#.#
#.......5@.#
#.#
##.......###
#.# ##.....##
#.# ##...##
##.## ...#
#####


You could see Grinder.

Vanquished Creatures
  Terence (D:3)
  5 adders
  2 dart slugs (D:1)
  2 ribbon worms (D:2)
  5 ball pythons
  3 endoplasms
  3 giant cockroaches
  5 goblins (D:1)
  3 hobgoblins
  2 jackals (D:1)
  5 quokkas
  3 frilled lizards (D:1)
  3 kobolds
  6 rats
48 creatures vanquished.

Notes
Turn   | Place    | Note
-------+----------+-------------------------------------------
     0 | D:1      | Persephone the Minotaur Hunter began the quest for the Orb.
     0 | D:1      | Reached XP level 1. HP: 18/18 MP: 0/0
    65 | D:1      | Found a faded altar of an unknown god.
   122 | D:1      | Reached skill level 1 in Stealth
   252 | D:1      | Reached XP level 2. HP: 23/25 MP: 1/1
   674 | D:1      | Reached XP level 3. HP: 31/31 MP: 2/2
  1272 | D:2      | Found Qukoa's Jewellery Shop.
  1423 | D:2      | Reached XP level 4. HP: 23/38 MP: 3/3
  1817 | D:3      | Reached skill level 5 in Ranged Weapons
  1877 | D:3      | Found a glowing silver altar of Zin.
  1914 | D:3      | Noticed Terence
  1937 | D:3      | Killed Terence
  2152 | D:3      | Noticed Grinder
  2153 | D:3      | Paralysed by Grinder for 5 turns
  2168 | D:3      | Paralysed by Grinder for 2 turns
  2173 | D:3      | Paralysed by Grinder for 3 turns
  2175 | D:3      | Killed from afar by Grinder

Illustrated notes

Levels and vault maps discovered:
D:1:      lightli_arrival_windingriver, layout_basic, basic_ecumenical_altar,
          hex_intersection
D:2:      layout_loops_ring, serial_shops, shop, minmay_diced_spiral
D:3:      layout_loops_ring, zin_academy, st_stairs_13,
          amcnicky_mini_pool_small, nicolae_elevator_lobby_asterisk,
          uniq_terence, uniq_grinder

Skill      XL: |  1  2  3  4 |
---------------+-------------+-----
Stealth        | 1 2 |  2.1
Fighting       | 3 |  3.6
Dodging        | 3 |  3.4
Ranged Weapons | 5 |  5.1

Action                     |  1- 3 |  4- 6 || total
---------------------------+-------+-------++-------
   Fire: Shortbow          |   115 |    55 ||   170
    Use: Potion            |       |     1 ||     1
 Armour: Leather armour    |    24 |    11 ||    35
         Skin              |       |    18 ||    18
  Dodge: Dodged            |    23 |     9 ||    32
